 Dungeon Crawl Stone Soup version 0.31-a0-263-ge8cad7f256 (webtiles) character file.

Game seed: 14138274539889708199

17371 qw the Marksminotaur (level 12, -7/106 HPs)
             Began as a Minotaur Hexslinger on July 13, 2023.
             Was an Elder of Okawaru.
             Mangled by a blink frog (9 damage)
             ... on level 4 of the Lair of Beasts.
             The game lasted 00:04:50 (11954 turns).

qw the Marksminotaur (Minotaur Hexslinger)         Turns: 11954, Time: 00:04:50

Health: -7/106     AC: 11    Str: 13    XL:     12   Next: 18%
Magic:  16/16      EV: 23    Int: 10    God:    Okawaru [****..]
Gold:   471        SH:  0    Dex: 24    Spells: 12/13 levels left

rFire   . . .        Y - +1 orcbow
rCold   . . .        (shield currently unavailable)
rNeg    . . .        l - +2 leather armour {rPois}
rPois   +            (helmet restricted)
rElec   .            p - +0 cloak
rCorr   .            i - +0 pair of gloves
SInv    +            t - +1 pair of boots
Will    .....        (no amulet)
Stlth   +++          d - +6 ring of dexterity
HPRegen 0.37/turn    k - ring of see invisible
MPRegen 0.15/turn

%: no passive effects
@: about to teleport, heroic
A: horns 2, retaliatory headbutt
a: Renounce Religion, Heroism, Finesse


You were on level 4 of the Lair of Beasts.
You worshipped Okawaru.
Okawaru was greatly pleased with you.
You visited 3 branches of the dungeon, and saw 13 of its levels.

You collected 711 gold pieces.
You spent 240 gold pieces at shops.


Innate Abilities, Weirdness & Mutations

You have a pair of horns on your head.
You reflexively headbutt those who attack you in melee.


   Skills:
 - Level 10.0(15.0) Fighting
 + Level 15.5(20.5) Ranged Weapons
 - Level 4.2(9.2) Armour
 - Level 9.0(14.0) Dodging
 - Level 1.0 Spellcasting
 - Level 2.0 Hexes
 + Level 7.6 Invocations


You had 12 spell levels left.
You knew the following spells:

 Your Spells              Type           Power      Damage    Failure   Level
a - Slow                  Hex            16%        N/A       19%         1

Your spell library contained the following spells:

 Spells                   Type           Power      Damage    Failure   Level
 Inner Flame              Hex/Fire       2%         N/A       63%         3
 Portal Projectile        Hex/Tloc       4%         N/A       63%         3
 Cause Fear               Hex            2%         N/A       87%         4

Inventory:

Hand Weapons
 Y - a +1 orcbow (weapon)
Armour
 f - +0 steam dragon scales
 i - a +0 pair of gloves (worn)
 l - a +2 leather armour of poison resistance (worn)
 p - a +0 cloak (worn)
 t - a +1 pair of boots (worn)
Jewellery
 d - a +6 ring of dexterity (left hand)
 e - a +4 ring of protection
 k - a ring of see invisible (right hand)
Scrolls
 a - 5 scrolls of teleportation
 j - a scroll of identify
Potions
 b - 2 potions of mutation
 c - a potion of enlightenment
 g - 2 potions of magic
 h - a potion of cancellation {unknown}
 m - a potion of attraction {unknown}
 n - 4 potions of curing
 o - a potion of might
 q - a potion of degeneration {unknown}

Dungeon Overview and Level Annotations

Branches:
Dungeon (8/15)             Temple (1/1) D:4            Lair (4/5) D:8
  Swamp (0/4) Lair:3       Spider (0/4) Lair:3
  Slime: Lair:4-5

Altars:
Ashenzari
Cheibriados
Elyvilon
Fedhas
Gozag
Hepliaklqana
Kikubaaqudgha
Makhleb
Nemelex Xobeh
Okawaru
Qazlal
Ru
Sif Muna
Trog
Uskayaw
Vehumet
Wu Jian
Xom
Yredelemnul
Zin
The Shining One
Jiyva

Shops:
D:6 !**[=

Annotations:
Lair:3 3 runed translucent doors, qw's ghost, journeyman MiHs


Message History

You kill the cane toad!
Okawaru accepts your kill.
The blink frog blinks!
The yak completely misses you. The yak closely misses you.
The yak completely misses you. The yak misses you. You furiously retaliate!
You headbutt the yak. The yak gores you.
A basilisk comes into view.
11950 ||| READING 6 scrolls of teleportation.
As you read the scroll of teleportation, it crumbles to dust.
You feel strangely unstable.
The blink frog hits you but does no damage.
The blink frog barely misses you. The yak barely misses you.
You furiously retaliate!
You headbutt the yak! The yak gores you. The yak gores you but does no damage.
The yak closely misses you. The yak gores you!
A bullfrog comes into view.
You shoot an arrow. The arrow hits the yak!!
The yak is severely wounded.
The blink frog completely misses you. x2; You furiously retaliate!
You headbutt the blink frog. You shoot an arrow.
The arrow hits the yak but does no damage.
The yak is severely wounded.
The blink frog misses you. The yak completely misses you. The yak misses you.
The yak completely misses you. You furiously retaliate!
You headbutt the yak, but do no damage. The yak completely misses you. x2
The blink frog closely misses you.
The bullfrog snags a nearby moth with its tongue.
You shoot an arrow.
The arrow hits the yak but does no damage.
The yak is severely wounded.
The blink frog closely misses you. The blink frog hits you.
The blink frog blinks!
The blink frog closely misses you. You furiously retaliate!
You headbutt the blink frog. The yak closely misses you.
You furiously retaliate!
You headbutt the yak. The yak gores you!
The yak misses you. x2; The boulder beetle leaps!
The yak gores you but does no damage.
You shoot an arrow. The arrow hits the yak.
The yak is severely wounded.
The blink frog hits you!
You die...

P# ...# .. .#### ##...#
......#
.#..####....##......###
..............# P.....#
..............###PlF..# ###
...........B..#F......##...
.#....##.#..0...JF.J.......
.#....###.#....YYYJF.......
##....# ##.....F@YhYY.....
P#%...## ##....FYYYY......
.......# ##..#.##...#...
.......### ######....###
.........# ##....#.#
##P......# #......##
####...>### #....%..##
#....#.## ###......$#
###.....###.....P...##


You could see a boulder beetle, a polar bear, 10 yaks, a basilisk, 4 blink
frogs, 2 bullfrogs, a jelly and 2 endoplasms.

Vanquished Creatures
  A catoblepas (Lair:1)
  A death yak (Lair:2)
  Nergalle (Lair:2)
  A pharaoh ant (Lair:3)
  A skyshark (Lair:4)
  2 bog bodies (Lair:3)
  An elephant (D:8)
  2 black mambas
  5 cane toads
  A torpor snail (Lair:2)
  2 rime drakes
  3 komodo dragons
  A tarantella (Lair:3)
  A polar bear (Lair:4)
  4 blink frogs
  7 dream sheep (Lair:4)
  6 wyverns
  3 basilisks
  12 yaks
  A redback (Lair:3)
  A steam dragon (D:8)
  10 water moccasins
  Duvessa (D:5)
  An orc warrior (D:7)
  4 black bears
  2 ogres
  9 bullfrogs
  A kobold brigand (D:7)
  A scorpion (D:6)
  9 wights (D:8)
  Dowan (D:5)
  5 killer bees (D:7)
  4 howler monkeys
  A lava snake (D:7)
  4 jellies
  A hound (D:6)
  6 orc priests
  5 iguanas
  7 orc wizards
  4 gnolls (D:6)
  9 adders
  2 shadow imps (D:6)
  2 white imps
  3 ufetubi
  3 dart slugs
  21 orcs
  10 ball pythons
  11 bats
  8 endoplasms
  6 giant cockroaches
  6 goblins
  6 hobgoblins
  9 jackals
  10 kobolds
  3 quokkas
  5 frilled lizards
  7 rats
254 creatures vanquished.

Notes
Turn   | Place    | Note
-------+----------+-------------------------------------------
     0 | D:1      | qw the Minotaur Hexslinger began the quest for the Orb.
     0 | D:1      | Reached XP level 1. HP: 16/16 MP: 1/1
     0 | D:1      | 0 ||| qw: Version: 0.3-a-52-g30416fa
     0 | D:1      | 0 ||| qw: Game counter: 7277
     0 | D:1      | 0 ||| qw: Melee chars always use a shield: true
     0 | D:1      | 0 ||| qw: God list: Okawaru
     0 | D:1      | 0 ||| qw: Allow faded altars: false
     0 | D:1      | 0 ||| qw: Do Orc after clearing Dungeon:15 true
     0 | D:1      | 0 ||| qw: Do second Lair branch before Depths: true
     0 | D:1      | 0 ||| qw: Lair rune preference: random
     0 | D:1      | 0 ||| qw: Goals: Normal
     0 | D:1      | 0 ||| PLANNING D:1-11
   112 | D:1      | Reached skill level 3 in Ranged Weapons
   112 | D:1      | Reached XP level 2. HP: 23/23 MP: 2/2
   558 | D:1      | Reached XP level 3. HP: 29/29 MP: 3/3
   894 | D:1      | 894 ||| UPGRADING to +0 leather armour.
   904 | D:1      | 904 ||| DROPPING +0 robe.
   905 | D:1      | 905 ||| UPGRADING to +0 pair of gloves.
   910 | D:1      | 910 ||| READING scroll labelled ITROPAOBOX.
   911 | D:1      | 911 ||| READING 2 scrolls labelled GEM QUDAZ KOHA.
   912 | D:1      | 912 ||| READING scroll labelled WIESCH IVADIATOXI.
   917 | D:1      | 917 ||| DROPPING scroll of poison.
   918 | D:1      | 918 ||| DROPPING scroll of fog.
  1037 | D:2      | Reached skill level 4 in Ranged Weapons
  1266 | D:2      | Reached XP level 4. HP: 36/36 MP: 4/4
  1292 | D:2      | HP: 9/36 [poisoned by an adder]
  1297 | D:2      | HP: 5/36 [poisoned by an adder]
  1362 | D:2      | 1362 ||| FLEEEEING.
  1363 | D:2      | 1363 ||| FLEEEEING.
  1364 | D:2      | 1364 ||| FLEEEEING.
  1365 | D:2      | 1365 ||| FLEEEEING.
  1366 | D:2      | 1366 ||| FLEEEEING.
  1367 | D:2      | 1367 ||| FLEEEEING.
  1655 | D:2      | Reached skill level 5 in Ranged Weapons
  1912 | D:2      | Found a bloodstained altar of Trog.
  1965 | D:2      | 1965 ||| UPGRADING to +0 ring mail.
  1975 | D:2      | 1975 ||| DROPPING +0 leather armour.
  1976 | D:2      | 1976 ||| UPGRADING to +6 ring of dexterity.
  1977 | D:2      | 1977 ||| UPGRADING to ring of see invisible.
  1978 | D:2      | 1978 ||| READING 2 scrolls labelled LOESAYT RUCEFRISIRPH.
  1979 | D:2      | 1979 ||| READING scroll labelled SUCLUAFF TAM IRO.
  1980 | D:2      | 1980 ||| READING 2 scrolls of identify.
  1980 | D:2      | 1980 ||| IDENTIFYING blue potion
  1981 | D:2      | 1981 ||| DROPPING scroll of blinking.
  2077 | D:3      | Reached skill level 1 in Armour
  2086 | D:3      | Reached XP level 5. HP: 44/44 MP: 5/5
  2088 | D:3      | Reached skill level 3 in Fighting
  2183 | D:3      | Found a sparkling altar of Nemelex Xobeh.
  2183 | D:3      | Found a white marble altar of Elyvilon.
  2386 | D:3      | You fall into a shaft and drop 2 floors!
  2386 | D:5      | Entered Level 5 of the Dungeon
  2424 | D:5      | 2424 ||| UPGRADING to +2 leather armour of poison
                  | resistance.
  2434 | D:5      | 2434 ||| DROPPING +0 ring mail.
  2435 | D:5      | 2435 ||| DROPPING amulet of magic regeneration.
  2436 | D:5      | 2436 ||| READING 2 scrolls of identify.
  2436 | D:5      | 2436 ||| IDENTIFYING pink potion
  2437 | D:5      | 2437 ||| DROPPING potion of lignification.
  2471 | D:4      | 2471 ||| DRINKING 3 ruby potions.
  2827 | D:4      | Noticed an ogre
  2835 | D:4      | Killed an ogre
  2836 | D:4      | Reached skill level 6 in Ranged Weapons
  2836 | D:4      | Reached XP level 6. HP: 23/51 MP: 6/6
  2861 | D:4      | 2861 ||| FLEEEEING.
  2862 | D:4      | 2862 ||| FLEEEEING.
  3125 | D:4      | Found a staircase to the Ecumenical Temple.
  3126 | D:4      | 3126 ||| PLANNING TEMPLE
  3135 | Temple   | Entered the Ecumenical Temple
  3145 | Temple   | 3145 ||| PLANNING OKAWARU WORSHIP
  3152 | Temple   | Became a worshipper of Warmaster Okawaru
  3153 | Temple   | 3153 ||| PLANNING D:1-11
  3322 | D:5      | Reached skill level 3 in Dodging
  3408 | D:5      | Noticed Dowan
  3411 | D:5      | Noticed Duvessa
  3424 | D:5      | Killed Duvessa
  3425 | D:5      | Reached skill level 7 in Ranged Weapons
  3425 | D:5      | Reached XP level 7. HP: 45/59 MP: 7/7
  3436 | D:5      | Killed Dowan
  3533 | D:5      | Reached * piety under Okawaru
  3534 | D:5      | 3534 ||| INVOKING Heroism.
  3651 | D:5      | Reached skill level 1 in Invocations
  3693 | D:5      | Reached skill level 8 in Ranged Weapons
  3756 | D:5      | 3756 ||| INVOKING Heroism.
  4018 | D:5      | 4018 ||| READING scroll labelled PIXAFO GETIJEAH.
  4019 | D:5      | 4019 ||| READING scroll labelled MEMMIDO XEPOAFAN.
  4020 | D:5      | 4020 ||| READING 2 scrolls of identify.
  4020 | D:5      | 4020 ||| IDENTIFYING glowing clear potion
  4067 | D:6      | 4067 ||| INVOKING Heroism.
  4070 | D:6      | 4070 ||| Stepping ~*~*~tactically~*~*~ (outnumbered).
  4082 | D:6      | 4082 ||| INVOKING Heroism.
  4091 | D:6      | Reached XP level 8. HP: 36/67 MP: 5/8
  4130 | D:6      | 4130 ||| FLEEEEING.
  4132 | D:6      | 4132 ||| FLEEEEING.
  4139 | D:6      | 4139 ||| STAIRDANCE
  4209 | D:6      | Found Ketap's Assorted Antiques.
  4216 | D:6      | 4216 ||| BUYING 2 scrolls of identify (128 gold).
  4216 | D:6      | Bought 2 scrolls of identify for 128 gold pieces
  4216 | D:6      | 4216 ||| BUYING golden potion (28 gold).
  4216 | D:6      | Bought a golden potion for 28 gold pieces
  4216 | D:6      | 4216 ||| SHOPLISTING pair of boots (144 gold, have 52).
  4216 | D:6      | 4216 ||| BUYING scroll labelled SAHEOR ESILUAKORA (32
                  | gold).
  4216 | D:6      | Bought a scroll labelled SAHEOR ESILUAKORA for 32 gold
                  | pieces
  4260 | D:6      | 4260 ||| INVOKING Heroism.
  4284 | D:6      | 4284 ||| DRINKING 3 potions of curing.
  4284 | D:6      | 4284 ||| (to cure confusion)
  4288 | D:6      | Reached skill level 3 in Invocations
  4340 | D:6      | 4340 ||| INVOKING Heroism.
  4367 | D:6      | 4367 ||| SWAPPING to +0 orcbow.
  4384 | D:6      | 4384 ||| DROPPING +1 sling.
  4448 | D:6      | Found Veib's Armour Shop.
  4456 | D:6      | 4456 ||| SHOPLISTING +0 cloak (54 gold, have 31).
  4456 | D:6      | 4456 ||| SHOPLISTING +0 pair of boots (54 gold, have 31).
  4456 | D:6      | 4456 ||| SHOPLISTING +1 ring mail of the Imp {rN+ Will+
                  | Slay+3} (460 gold, have 31).
  4456 | D:6      | 4456 ||| SHOPLISTING +1 ring mail of the King of the Hill
                  | {+Blink Dex+3} (351 gold, have 31).
  4456 | D:6      | 4456 ||| SHOPLISTING +2 leather armour of fire resistance
                  | (228 gold, have 31).
  4477 | D:6      | 4477 ||| INVOKING Heroism.
  4486 | D:6      | Reached skill level 9 in Ranged Weapons
  4610 | D:6      | Found Iroleduk's Assorted Antiques.
  4617 | D:6      | 4617 ||| SHOPLISTING cloak (81 gold, have 31).
  4617 | D:6      | 4617 ||| SHOPLISTING curved brass wand (72 gold, have 31).
  4617 | D:6      | 4617 ||| SHOPLISTING pair of embroidered gloves (135 gold,
                  | have 31).
  4617 | D:6      | 4617 ||| BUYING purple potion (16 gold).
  4617 | D:6      | Bought a purple potion for 16 gold pieces
  4617 | D:6      | 4617 ||| SHOPLISTING sapphire potion (16 gold, have 15).
  4617 | D:6      | 4617 ||| SHOPLISTING sapphire ring (90 gold, have 15).
  4692 | D:6      | 4692 ||| DRINKING 2 potions of curing.
  4692 | D:6      | 4692 ||| (to cure confusion)
  4794 | D:6      | Found a glowing golden altar of the Shining One.
  4862 | D:6      | Found Ujan's Jewellery Boutique.
  4870 | D:6      | 4870 ||| SHOPLISTING +6 ring of strength (468 gold, have
                  | 15).
  4870 | D:6      | 4870 ||| SHOPLISTING amulet of Ixiock {RegenMP Int+3
                  | Slay+3} (726 gold, have 15).
  4870 | D:6      | 4870 ||| SHOPLISTING amulet of regeneration (390 gold, have
                  | 15).
  4870 | D:6      | 4870 ||| SHOPLISTING amulet of the acrobat (390 gold, have
                  | 15).
  4870 | D:6      | 4870 ||| SHOPLISTING ring of ice (325 gold, have 15).
  5038 | D:6      | Found Wosygoas's Distillery.
  5046 | D:6      | 5046 ||| BUYING potion of curing (36 gold).
  5046 | D:6      | Bought a potion of curing for 36 gold pieces
  5046 | D:6      | 5046 ||| SHOPLISTING potion of haste (120 gold, have 4).
  5125 | D:6      | 5125 ||| READING scroll labelled SAHEOR ESILUAKORA.
  5126 | D:6      | 5126 ||| DRINKING 2 purple potions.
  5127 | D:6      | 5127 ||| DRINKING 2 golden potions.
  5128 | D:6      | 5128 ||| READING 3 scrolls of identify.
  5128 | D:6      | 5128 ||| IDENTIFYING black potion
  5129 | D:6      | 5129 ||| READING 2 scrolls of identify.
  5129 | D:6      | 5129 ||| IDENTIFYING yellow potion
  5130 | D:6      | 5130 ||| DROPPING potion of ambrosia.
  5131 | D:6      | 5131 ||| DROPPING potion of invisibility.
  5175 | D:7      | Reached skill level 6 in Fighting
  5188 | D:7      | Identified the +5 whip "Miuvicou" {flame, Will++ Dex+3}
  5487 | D:7      | Reached skill level 10 in Ranged Weapons
  5545 | D:7      | 5545 ||| INVOKING Heroism.
  5550 | D:7      | Reached XP level 9. HP: 42/75 MP: 8/11
  5558 | D:7      | Reached ** piety under Okawaru
  5802 | D:7      | 5802 ||| FLEEEEING.
  5803 | D:7      | 5803 ||| FLEEEEING.
  5804 | D:7      | 5804 ||| FLEEEEING.
  5805 | D:7      | 5805 ||| FLEEEEING.
  5806 | D:7      | 5806 ||| FLEEEEING.
  5807 | D:7      | 5807 ||| FLEEEEING.
  5808 | D:7      | 5808 ||| FLEEEEING.
  5809 | D:7      | 5809 ||| FLEEEEING.
  5891 | D:7      | Found a shimmering blue altar of Sif Muna.
  5891 | D:7      | Found an ornate altar of the Wu Jian Council.
  5995 | D:7      | 5995 ||| INVOKING Heroism.
  6019 | D:7      | 6019 ||| INVOKING Heroism.
  6174 | D:7      | 6174 ||| UPGRADING to +0 pair of boots.
  6179 | D:7      | 6179 ||| DROPPING +6 ring of intelligence.
  6180 | D:7      | 6180 ||| READING 2 scrolls of identify.
  6180 | D:7      | 6180 ||| IDENTIFYING sapphire potion
  6229 | D:8      | 6229 ||| INVOKING Heroism.
  6229 | D:8      | Noticed an elephant
  6246 | D:8      | Reached skill level 11 in Ranged Weapons
  6246 | D:8      | HP: 17/79 [steam dragon] (5)]
  6247 | D:8      | 6247 ||| READING 8 scrolls of teleportation.
  6248 | D:8      | 6248 ||| DRINKING potion of heal wounds.
  6250 | D:8      | Found a staircase to the Lair.
  6251 | D:8      | Reached skill level 6 in Dodging
  6403 | D:8      | 6403 ||| INVOKING Heroism.
  6407 | D:8      | Killed an elephant
  6572 | D:8      | Found a broken altar of Ashenzari.
  6691 | D:8      | Reached skill level 12 in Ranged Weapons
  6716 | D:8      | Reached XP level 10. HP: 86/86 MP: 12/12
  6820 | D:8      | Identified the +0 ring mail of Honesty {rPois rCorr Int-4}
  7083 | D:8      | 7083 ||| PLANNING LAIR
  7083 | D:8      | 7083 ||| DROPPING +0 ring mail of Honesty {rPois rCorr
                  | Int-4}.
  7122 | Lair:1   | Entered Level 1 of the Lair of Beasts
  7159 | Lair:1   | Reached *** piety under Okawaru
  7191 | Lair:1   | 7191 ||| INVOKING Heroism.
  7292 | Lair:1   | Noticed a catoblepas
  7293 | Lair:1   | 7293 ||| INVOKING Heroism.
  7299 | Lair:1   | 7299 ||| Stepping ~*~*~tactically~*~*~ (cloud).
  7315 | Lair:1   | 7315 ||| Stepping ~*~*~tactically~*~*~ (cloud).
  7316 | Lair:1   | 7316 ||| INVOKING Heroism.
  7321 | Lair:1   | HP: 8/88 [catoblepas (32)]
  7322 | Lair:1   | 7322 ||| READING 7 scrolls of teleportation.
  7694 | Lair:1   | Identified the +2 short sword "Mumod" {distort, Fly rElec}
  7796 | Lair:1   | Noticed a black mamba
  7797 | Lair:1   | 7797 ||| INVOKING Heroism.
  7802 | Lair:1   | Killed a black mamba
  7819 | Lair:1   | 7819 ||| INVOKING Heroism.
  7823 | Lair:1   | 7823 ||| Stepping ~*~*~tactically~*~*~ (cloud).
  7826 | Lair:1   | 7826 ||| Stepping ~*~*~tactically~*~*~ (cloud).
  7830 | Lair:1   | 7830 ||| Stepping ~*~*~tactically~*~*~ (cloud).
  7833 | Lair:1   | 7833 ||| Stepping ~*~*~tactically~*~*~ (cloud).
  7842 | Lair:1   | Killed a catoblepas
  8301 | Lair:1   | 8301 ||| READING scroll labelled ZOROTR ERYUTA.
  8350 | Lair:2   | Noticed Nergalle
  8351 | Lair:2   | 8351 ||| INVOKING Heroism.
  8362 | Lair:2   | Killed Nergalle
  8363 | Lair:2   | Reached skill level 13 in Ranged Weapons
  8426 | Lair:2   | Noticed a torpor snail
  8426 | Lair:2   | Noticed a death yak
  8427 | Lair:2   | 8427 ||| FLEEEEING.
  8428 | Lair:2   | 8428 ||| FLEEEEING.
  8429 | Lair:2   | 8429 ||| FLEEEEING.
  8430 | Lair:2   | 8430 ||| INVOKING Heroism.
  8442 | Lair:2   | Killed a death yak
  8443 | Lair:2   | Reached skill level 9 in Fighting
  8453 | Lair:2   | 8453 ||| INVOKING Heroism.
  8454 | Lair:2   | Killed a torpor snail
  8458 | Lair:2   | HP: 19/91 [basilisk (10)]
  8459 | Lair:2   | 8459 ||| READING 6 scrolls of teleportation.
  8675 | Lair:2   | 8675 ||| INVOKING Heroism.
  8704 | Lair:2   | Reached XP level 11. HP: 73/97 MP: 13/13
  8706 | Lair:2   | Reached **** piety under Okawaru
  8708 | Lair:2   | 8708 ||| INVOKING Heroism.
  8712 | Lair:2   | Reached skill level 14 in Ranged Weapons
  8931 | Lair:2   | 8931 ||| INVOKING Heroism.
  9418 | Lair:2   | 9418 ||| INVOKING Heroism.
  9702 | Lair:2   | 9702 ||| UPGRADING to +0 cloak.
  9707 | Lair:2   | 9707 ||| UPGRADING to +1 pair of boots.
  9717 | Lair:2   | 9717 ||| DROPPING +0 pair of boots.
  9718 | Lair:2   | 9718 ||| DRINKING 2 metallic coppery potions.
  9719 | Lair:2   | 9719 ||| DROPPING potion of brilliance.
  9740 | Lair:3   | 9740 ||| STAIRDANCE
  9742 | Lair:2   | 9742 ||| INVOKING Heroism.
 10090 | Lair:3   | Noticed a pharaoh ant
 10093 | Lair:3   | 10093 ||| INVOKING Heroism.
 10097 | Lair:3   | Killed a pharaoh ant
 10103 | Lair:3   | HP: 22/99 [tarantella (14)]
 10104 | Lair:3   | 10104 ||| READING 6 scrolls of teleportation.
 10104 | Lair:3   | HP: 8/99 [tarantella (14)]
 10410 | Lair:3   | 10410 ||| INVOKING Heroism.
 10467 | Lair:3   | Found a hole to the Spider Nest.
 10493 | Lair:3   | Noticed a bog body
 10495 | Lair:3   | 10495 ||| INVOKING Heroism.
 10499 | Lair:3   | Killed a bog body
 10507 | Lair:3   | Noticed a bog body
 10515 | Lair:3   | Killed a bog body
 10516 | Lair:3   | Reached skill level 15 in Ranged Weapons
 10558 | Lair:3   | Found a staircase to the Swamp.
 10578 | Lair:3   | 10578 ||| INVOKING Heroism.
 10586 | Lair:3   | Received a gift from Okawaru
 10609 | Lair:3   | Found a runed translucent gate.
 10609 | Lair:3   | Found a runed translucent gate.
 10635 | Lair:3   | Found a runed translucent gate.
 10637 | Lair:3   | Noticed qw's ghost (journeyman MiHs)
 10639 | Lair:3   | Noticed a glowing orange brain
 10654 | Lair:3   | 10654 ||| INVOKING Heroism.
 10660 | Lair:3   | Reached skill level 6 in Invocations
 11395 | Lair:3   | Found a viscous altar of Jiyva.
 11396 | Lair:3   | 11396 ||| DROPPING +1 ring mail of poison resistance.
 11397 | Lair:3   | 11397 ||| READING scroll labelled SYEGHY NUIR.
 11562 | Lair:4   | 11562 ||| INVOKING Heroism.
 11628 | Lair:4   | Reached skill level 9 in Dodging
 11658 | Lair:4   | 11658 ||| INVOKING Heroism.
 11664 | Lair:4   | Reached XP level 12. HP: 106/106 MP: 12/16
 11702 | Lair:4   | 11702 ||| FLEEEEING.
 11704 | Lair:4   | 11704 ||| STAIRDANCE
 11915 | Lair:4   | 11915 ||| FLEEEEING.
 11916 | Lair:4   | 11916 ||| FLEEEEING.
 11917 | Lair:4   | 11917 ||| FLEEEEING.
 11918 | Lair:4   | 11918 ||| FLEEEEING.
 11922 | Lair:4   | Noticed a boulder beetle
 11923 | Lair:4   | 11923 ||| INVOKING Heroism.
 11949 | Lair:4   | HP: 25/106 [yak (5)]
 11950 | Lair:4   | 11950 ||| READING 6 scrolls of teleportation.
 11953 | Lair:4   | HP: 10/106 [blink frog (6)]
 11953 | Lair:4   | HP: 1/106 [yak (9)]
 11954 | Lair:4   | Mangled by a blink frog

Levels and vault maps discovered:
D:1:      dpeg_arrival_arbitrary_b, layout_loops_corners, minmay_tetromino_t2
D:2:      layout_basic, basic_altar, minmay_randomly_rotated_circles
D:3:      layout_rooms, gammafunk_temple_overflow_wave
D:4:      layout_basic, minmay_temple_entry_mist
D:5:      layout_loops_ring, uniq_duvessa
D:6:      layout_basic, tso_altar, serial_shops, shop, nicolae_shop_trees, shop,
          shop, shop
D:7:      layout_basic, nicolae_overflow_two_pavilions
D:8:      layout_loops_ring, cheibrodos_ashenzari_chains, david_lair_generic
Temple:   hellmonk_temple_two_chambers
Lair:1:   layout_cave_pods, lemuel_fruit_fields
Lair:2:   layout_loops_ring, uniq_nergalle
Lair:3:   layout_hall_layers, skrybe_swamp_entry_bodies,
          nicolae_spider_entry_lesser_pyramids, gammafunk_ghost_ooze
Lair:4:   layout_cellular_growth, nicolae_slime_entry_slimehenge,
          kennysheep_basilisk_garden

Skill      XL: |  1  2  3  4  5  6  7  8  9 10 11 12 |
---------------+-------------------------------------+-----
Ranged Weapons | 3 4 5 6 7 8 10 12 13 15 | 15.5
Fighting       | 2 3 4 6 7 9 10 | 10.0
Armour         | 1 2 4 |  4.2
Dodging        | 3 4 6 7 9 |  9.0
Invocations    | 2 4 6 7 |  7.6
Spellcasting   | |  1.0
Hexes          | |  2.0

Action                     |  1- 3 |  4- 6 |  7- 9 | 10-12 || total
---------------------------+-------+-------+-------+-------++-------
   Fire: Sling             |   119 |   194 |   160 |       ||   473
         Orcbow            |       |       |   209 |   457 ||   666
 Invoke: Heroism           |       |       |    12 |    21 ||    33
    Use: Scroll            |     3 |     4 |     8 |     6 ||    21
         Potion            |       |     1 |     5 |     1 ||     7
 Armour: Robe              |    11 |       |       |       ||    11
         Leather armour    |    10 |    22 |    27 |    39 ||    98
         Ring mail         |       |     7 |       |       ||     7
  Dodge: Dodged            |    44 |    78 |   152 |   231 ||   505

Table legend:
 A = Non-vault XP
 B = Vault XP
 C = Vault XP percentage of total XP
 D = Non-vault monster count
 E = Vault monster count
 F = Vault count percentage of total count
                 A         B        C        D         E       F
            +---------+---------+-------+---------+---------+-------
      Total |   20252 |    4564 |  18.4 |     230 |      24 |   9.4
            +---------+---------+-------+---------+---------+-------
        D:1 |      46 |       6 |  11.5 |      29 |       2 |   6.5
        D:2 |      93 |       9 |   8.8 |      20 |       6 |  23.1
        D:3 |     158 |       0 |   0.0 |      18 |       0 |   0.0
        D:4 |     205 |       0 |   0.0 |      17 |       0 |   0.0
        D:5 |     640 |     211 |  24.8 |      24 |       2 |   7.7
        D:6 |     796 |       0 |   0.0 |      23 |       0 |   0.0
        D:7 |    1810 |       0 |   0.0 |      25 |       0 |   0.0
        D:8 |     897 |     973 |  52.0 |      14 |       4 |  22.2
     Lair:1 |    2067 |       0 |   0.0 |       7 |       0 |   0.0
     Lair:2 |    5708 |     773 |  11.9 |      24 |       1 |   4.0
     Lair:3 |    2778 |    2546 |  47.8 |      12 |       5 |  29.4
     Lair:4 |    5054 |      46 |   0.9 |      17 |       4 |  19.0
            +---------+---------+-------+---------+---------+-------
